 Dungeon Crawl Stone Soup version 0.24.0-125-gc4c63601f3 (webtiles) character file.

Game seed: 3206672288846980401, levelgen mode: deterministic

140 Curus the Distorting Hill Orc (level 5, 0/45 HPs)
             Began as a Hill Orc Abyssal Knight on Mar 8, 2020.
             Was a Believer of Lugonu.
             Killed from afar by an orc wizard (5 damage)
             ... with a puff of flame
             ... on level 3 of the Dungeon.
             The game lasted 00:09:55 (2003 turns).

Curus the Distorting Hill Orc (HOAK)                Turns: 2003, Time: 00:09:55

Health: 0/45       AC:  5    Str: 15      XL:     5   Next: 22%
Magic:  8/8        EV: 10    Int: 12      God:    Lugonu [**....]
Gold:   77         SH:  0    Dex: 10 (11) Spells: 4/4 levels left

rFire    . . .     SeeInvis .   g - +0 trident (freeze)
rCold    . . .     Gourm    .   (no shield)
rNeg     . . .     Faith    .   i - +0 ring mail
rPois    .         Spirit   .   (no helmet)
rElec    .         Reflect  .   (no cloak)
rCorr    .         Harm     .   (no gloves)
MR       .....     Rnd*Tele +   (no boots)
Stlth    ..........             f - amulet of magic regeneration
HPRegen  0.15/turn              e - ring of teleportation
MPRegen  0.36/turn              (no ring)

@: no status effects
A: no striking features
a: Depart the Abyss, Bend Space, Renounce Religion


You were on level 3 of the Dungeon.
You worshipped Lugonu.
Lugonu was pleased with you.
You were not hungry.

You visited 1 branch of the dungeon, and saw 3 of its levels.
You visited the Abyss 1 time.

You collected 77 gold pieces.

Inventory:

Hand Weapons
 a - a +2 hand axe
 g - a +0 trident of freezing (weapon)
Armour
 b - a +0 leather armour
 i - a +0 ring mail (worn)
Jewellery
 e - a ring of teleportation (left hand)
 f - an amulet of magic regeneration (around neck)
Scrolls
 d - a scroll of remove curse
 h - 3 scrolls of identify
Comestibles
 c - 5 rations


   Skills:
 - Level 3.6 Fighting
 - Level 3.9(4.5) Axes
 + Level 2.6(3.4) Polearms
 - Level 2.1 Armour
 - Level 0.7 Dodging
 + Level 5.1 Invocations


You had 4 spell levels left.
You didn't know any spells.
Your spell library contained the following spells:

 Spells                   Type           Power        Failure   Level  Hunger
 Animate Skeleton         Necr           N/A          54%         1    ##.....
 Apportation              Tloc           #.....       54%         1    ##.....
 Confusing Touch          Hex            #.....       54%         1    ##.....
 Summon Small Mammal      Summ           #...         54%         1    ##.....


Dungeon Overview and Level Annotations

Branches:
Dungeon (3/15)

Altars:
Qazlal


Message History

An orc wizard comes into view. It is wielding a +0 dagger.
The orc wizard barely misses you.
You miss the orc wizard.
The orc wizard shouts!
You hear a shout!
The orc wizard looks encouraged for a moment.
You hear a shout! x2
You miss the orc wizard.
The orc wizard miscasts a cantrip.
You hit the orc wizard but do no damage.
The orc wizard hits you with a +0 dagger.
* * * LOW HITPOINT WARNING * * *
The orc hits you with a +0 hand axe.
* * * LOW HITPOINT WARNING * * *
Unknown command.
You feel slightly jumpy.
e - a ring of teleportation (left hand)
You hit the orc wizard but do no damage.
The orc wizard gestures at you while chanting.
The puff of flame hits you.
You die...

... #.#######..
.##.###.# #
#...## #...######
#...).#..
#...#.#.# #
#####)#.# #.##.
####.)..###.o....
.......#)oo@o.#
.#####....#####
##.#.o...oo.
#.....o...#
#.######... #. ##
#. #.


You could see 3 orc wizards and an orc.

Vanquished Creatures
  An orc priest (D:3)
  4 adders
  An ooze (D:2)
  A worm (D:2)
  3 dart slugs (D:1)
  2 leopard geckos (D:2)
  3 orcs
  3 giant cockroaches
  6 goblins
  3 hobgoblins
  2 jackals (D:1)
  9 bats
  4 frilled lizards
  9 kobolds
  7 rats
58 creatures vanquished.

Notes
Turn   | Place    | Note
-------+----------+-------------------------------------------
     0 | Abyss:1  | Curus the Hill Orc Abyssal Knight began the quest for the
                  | Orb.
     0 | Abyss:1  | Reached XP level 1. HP: 19/19 MP: 2/2
    16 | D:1      | Escaped the Abyss
    32 | D:1      | Reached skill level 3 in Invocations
    32 | D:1      | Reached XP level 2. HP: 12/26 MP: 2/4
   434 | D:1      | Reached ** piety under Lugonu
   468 | D:1      | Reached XP level 3. HP: 30/31 MP: 5/5
   630 | D:2      | Found a stormy altar of Qazlal.
   981 | D:2      | Reached skill level 1 in Polearms
   981 | D:2      | Reached skill level 4 in Invocations
  1033 | D:2      | Reached XP level 4. HP: 17/39 MP: 7/7
  1854 | D:3      | Reached skill level 5 in Invocations
  1854 | D:3      | Reached XP level 5. HP: 4/45 MP: 8/8
  2003 | D:3      | Killed from afar by an orc wizard

Levels and vault maps discovered:
D:1:      scummos_arrival_simple_fountains, layout_rooms
D:2:      minmay_spotlight, layout_loops_ring, grunt_qazlal_clouds
D:3:      layout_loops_ring, first_ration, makhleb_heckhound_becter

Skill      XL: |  1  2  3  4 |
---------------+-------------+-----
Axes           | 3 |  3.9
Invocations    | 3 4 5 |  5.1
Polearms       | 1 2 |  2.6
Fighting       | |  3.6
Armour         | |  2.1
Dodging        | |  0.7

Action                   |  1- 3 |  4- 6 || total
-------------------------+-------+-------++-------
Melee: Hand axe          |    49 |       ||    49
       Trident           |    41 |    77 ||   118
  Use: Scroll            |     6 |     1 ||     7
       Potion            |     3 |     1 ||     4
 Stab: Sleeping          |     1 |       ||     1
  Eat: Chunk             |       |     4 ||     4
Armor: Leather armour    |    33 |    15 ||    48
Dodge: Dodged            |    71 |    45 ||   116
